 Dungeon Crawl Stone Soup version 0.31-a0-1074-g0b22e4e0f1 (webtiles) character file.

Game seed: 6098656531333770059

809 BigPumpCobain the Slasher (level 7, -3/54 HPs)
             Began as a Demonspawn Gladiator on Dec 8, 2023.
             Was an Initiate of Gozag.
             Slain by a wyvern (10 damage)
             ... on level 6 of the Dungeon.
             The game lasted 00:08:52 (4894 turns).

BigPumpCobain the Slasher (Demonspawn Gladiator)    Turns: 4894, Time: 00:08:53

Health: -3/54      AC:  5    Str: 14    XL:     7   Next: 61%
Magic:  7/7        EV: 14    Int:  9    God:    Gozag
Gold:   847        SH:  0    Dex: 17    Spells: 6/6 levels left

rFire   . . .        a - +3 long sword
rCold   . . .        (no shield)
rNeg    . . .        b - +1 leather armour
rPois   .            c - +0 helmet
rElec   .            (no cloak)
rCorr   .            (no gloves)
SInv    .            (no boots)
Will    .....        (no amulet)
Stlth   +            (no ring)
HPRegen 0.29/turn    (no ring)
MPRegen 0.10/turn

%: no passive effects
@: gold aura
A: hooves 2, sturdy frame 1
a: Renounce Religion, Potion Petition, Call Merchant, Bribe Branch


You were on level 6 of the Dungeon.
You worshipped Gozag.
Gozag was pleased with you.
You visited 2 branches of the dungeon, and saw 7 of its levels.

You collected 1348 gold pieces.
You paid 501 gold pieces to Gozag.

Inventory:

Hand Weapons
 a - a +3 long sword (weapon)
Missiles
 d - 3 throwing nets
 e - a javelin
 k - 19 poisoned darts (quivered)
Armour
 b - a +1 leather armour (worn)
 c - a +0 helmet (worn)
Jewellery
 j - the amulet of Wifoj {Faith Int+2}
   (You found it on level 3 of the Dungeon)

   [amulet of faith]

   Faith:     It allows you to gain divine favour quickly.
   Int+2:     It affects your intelligence (+2).
 q - a +6 ring of strength
 u - a ring of see invisible
 w - the amulet of Xunipp {Spirit Fly Regen+ Str-2 Int+3}
   (You found it on level 5 of the Dungeon)

   [amulet of guardian spirit]

   Spirit:    It causes incoming damage to be divided between your reserves of
   health and magic.
   Str-2:     It affects your strength (-2).
   Int+3:     It affects your intelligence (+3).
   Fly:       It grants you flight.
   Regen+:    It increases your rate of health regeneration.
Wands
 r - a wand of flame (25)
Scrolls
 f - 2 scrolls of teleportation
 g - 3 scrolls of amnesia
 o - 2 scrolls of enchant weapon
 t - a scroll of brand weapon {unknown}
 v - a scroll of enchant armour
Potions
 h - a potion of berserk rage
 i - a potion of curing
 l - a potion of brilliance
 m - 2 potions of degeneration
 n - a potion of lignification {unknown}
 p - a potion of haste {unknown}
 s - a potion of ambrosia {unknown}
 x - a potion of heal wounds {unknown}


   Skills:
 + Level 4.3 Fighting
 * Level 5.8 Long Blades
 + Level 3.4 Throwing
 + Level 4.4 Dodging


You had 6 spell levels left.
You didn't know any spells.
Your spell library contained the following spells:

 Spells                   Type           Power      Damage    Failure   Level
 Ensorcelled Hibernation  Hex/Ice        0%         N/A       54%         2
 Jinxbite                 Hex            0%         N/A       54%         2
 Lesser Beckoning         Tloc           0%         N/A       54%         2
 Call Canine Familiar     Summ           0%         N/A       77%         3
 Gell's Gravitas          Tloc           0%         N/A       77%         3
 Sigil of Binding         Hex            0%         N/A       77%         3
 Teleport Other           Tloc           0%         N/A       77%         3
 Anguish                  Hex/Necr       0%         N/A       99%         4
 Dimensional Bullseye     Hex/Tloc       0%         N/A       99%         4
 Leda's Liquefaction      Hex/Erth       0%         N/A       99%         4


Dungeon Overview and Level Annotations

Branches:
Dungeon (6/15)             Temple (1/1) D:4

Altars:
Cheibriados
Fedhas
Gozag
Hepliaklqana
Kikubaaqudgha
Makhleb
Nemelex Xobeh
Ru
Sif Muna
Trog
Uskayaw
Vehumet
Wu Jian

Annotations:
D:3 2 transporters, Fractals's ghost, amateur GrMo


Innate Abilities, Weirdness & Mutations

You have hoof-like feet.
Your movements are slightly less encumbered by armour. (ER -2)


Message History

[c] - 260 gold - heal wounds and magic Purchase which effect?
You feel much better. Magic courses through your body. The wyvern bites you.
The ice beast closely misses you.
The wyvern closely misses you. [a] - 348 gold - brilliance and magic [b] - 638 gold - heal wounds, berserk rage, invisibility and might [c] - 176 gold - heal wounds and curing Purchase which effect?
You feel much better.
You feel better. The wyvern bites you! The ice beast barely misses you.
You hit the ice beast. You kick the ice beast.
The ice beast is almost dead.
The wyvern closely misses you. The wyvern bites you. The ice beast misses you.
You hit the ice beast but do no damage. Your kick misses the ice beast.
The ice beast is almost dead.
The wyvern closely misses you. The ice beast hits you.
The ice beast freezes you.
You closely miss the ice beast.
You kick the ice beast, but do no damage.
The ice beast is almost dead.
The wyvern bites you!
The wyvern hisses menacingly.
The wyvern closely misses you. The ice beast hits you.
The ice beast freezes you!
* * * LOW HITPOINT WARNING * * *
You closely miss the ice beast. Your kick misses the ice beast.
The ice beast is almost dead.
The wyvern closely misses you. The ice beast barely misses you.
The wyvern bites you but does no damage.
You closely miss the ice beast.
The ice beast is almost dead.
The wyvern closely misses you. The ice beast hits you.
* * * LOW HITPOINT WARNING * * *
The ice beast freezes you.
* * * LOW HITPOINT WARNING * * *
You hit the ice beast but do no damage. You kick the ice beast.
You kill the ice beast!
The wyvern bites you!
You die...
Your body crumbles into a pile of gold.

...... #..........
.....> #..........
......#.####...###....
....................
... ..#.....###...
#.##...##..###...
#####.#.........#...
##8...#.##..........<
#...@.##.#.###.......
#8..$l..##.###.#####..
#.......##.(...# ##.
#.......####.### #.
##......# ### ..
.#...... #. #.#...##..
.. # ..### ...


You could see a wyvern.

Vanquished Creatures
  Duvessa (D:5)
  An ice beast (D:6)
  2 ogres (D:5)
  A bullfrog (D:6)
  Dowan (D:5)
  6 jellies
  An orc priest (D:4)
  2 iguanas (D:4)
  An orc wizard (D:4)
  5 adders
  A white imp (D:5)
  2 worms
  A dart slug (D:1)
  6 orcs
  5 ball pythons
  8 endoplasms
  3 giant cockroaches
  9 hobgoblins
  2 jackals (D:4)
  7 kobolds
  4 quokkas
  5 bats
  6 frilled lizards
  7 goblins
  2 rats
89 creatures vanquished.

Notes
Turn   | Place    | Note
-------+----------+-------------------------------------------
     0 | D:1      | BigPumpCobain the Demonspawn Gladiator began the quest for
                  | the Orb.
     0 | D:1      | Reached XP level 1. HP: 16/16 MP: 1/1
   138 | D:1      | Reached skill level 3 in Long Blades
   138 | D:1      | Gained mutation: You have large cloven feet. [demonic
                  | ancestry]
   138 | D:1      | Reached XP level 2. HP: 22/22 MP: 2/2
  1023 | D:2      | Identified a scroll of acquirement
  1023 | D:2      | Acquired 1026 gold pieces
  1139 | D:2      | Reached XP level 3. HP: 28/28 MP: 3/3
  1854 | D:3      | Reached XP level 4. HP: 34/34 MP: 4/4
  1907 | D:3      | Found a sacrificial altar of Ru.
  1907 | D:3      | Found a hide-covered altar of Uskayaw.
  1935 | D:3      | Noticed an ogre
  1955 | D:3      | Found a faded altar of an unknown god.
  1955 | D:3      | Found a transporter.
  1955 | D:3      | Found a transporter.
  1976 | D:3      | Noticed Fractals's ghost (amateur GrMo)
  1976 | D:3      | Noticed an ogre
  1980 | D:3      | Noticed an ogre
  2270 | D:3      | Identified the amulet of Wifoj {Faith Int+2}
  2775 | D:4      | Reached skill level 4 in Long Blades
  2782 | D:4      | Gained mutation: Your movements are slightly less
                  | encumbered by armour. (ER -2) [demonic ancestry]
  2782 | D:4      | Reached XP level 5. HP: 16/41 MP: 5/5
  3124 | D:4      | Reached XP level 6. HP: 46/47 MP: 6/6
  3373 | D:4      | Found a staircase to the Ecumenical Temple.
  3389 | Temple   | Entered the Ecumenical Temple
  3411 | Temple   | Became a worshipper of Gozag Ym Sagoz the Greedy
  3715 | D:5      | Entered Level 5 of the Dungeon
  3770 | D:5      | HP: 1/47 [ogre/+0 giant club (28)]
  3773 | D:5      | Reached skill level 5 in Long Blades
  4008 | D:5      | Found a shimmering blue altar of Sif Muna.
  4380 | D:5      | Gained mutation: You have hoof-like feet. [demonic
                  | ancestry]
  4380 | D:5      | Reached XP level 7. HP: 34/54 MP: 7/7
  4680 | D:5      | Identified the amulet of Xunipp {Spirit Fly Regen+ Str-2
                  | Int+3}
  4691 | D:5      | Noticed Duvessa
  4694 | D:5      | Noticed Dowan
  4706 | D:5      | Killed Duvessa
  4712 | D:5      | Killed Dowan
  4880 | D:6      | Noticed a wyvern
  4894 | D:6      | Slain by a wyvern

Illustrated notes

Levels and vault maps discovered:
D:1:      noname_arrival_rooms_in_the_neighbourhood, layout_basic,
          serial_corexii_hall, corexii_hall_statues_u, chequers_hall_statues_y
D:2:      layout_loops_corners, st_stairs_8, nicolae_wormholes
D:3:      layout_basic, gammafunk_temple_overflow_forgotten,
          hellmonk_ecumenical_altar_run_dry, gammafunk_ghost_smash
D:4:      layout_loops_ring, minmay_temple_entry_offerings
D:5:      layout_loops_ring, lemuel_tele_altar, uniq_duvessa
D:6:      hellmonk_crumbling_castle, layout_basic, serial_shops, shop,
          nicolae_lava_and_water, serial_library_hellmonk_secret_room,
          uniq_blork_the_orc
Temple:   chequers_temple_sunken

Skill      XL: |  1  2  3  4  5  6 |
---------------+-------------------+-----
Long Blades    | 3 4 5 |  5.8
Dodging        | 3 4 |  4.4
Fighting       | 3 4 |  4.3
Throwing       | 2 3 |  3.4

Action                     |  1- 3 |  4- 6 |  7- 9 || total
---------------------------+-------+-------+-------++-------
  Melee: Long sword        |    91 |   105 |    34 ||   230
         Kick              |     9 |    28 |    16 ||    53
         Punch             |     1 |     3 |     1 ||     5
 Invoke: Potion Petition   |       |       |     2 ||     2
    Use: Scroll            |     9 |     5 |       ||    14
   Stab: Sleeping          |     5 |     3 |       ||     8
 Armour: Leather armour    |    39 |    44 |    26 ||   109
  Dodge: Dodged            |    62 |    58 |    28 ||   148

Table legend: (Time is in decaauts)
 A = Elapsed time spent in this place.
 B = Non-inter-level travel time spent in this place.
 C = Inter-level travel time spent in this place.
 D = Time resting spent in this place.
 E = Time spent auto-exploring this place.
 F = Levels seen in this place.
 G = Mean time per level.
                   A        B        C        D        E       F      G
               +--------+--------+--------+--------+--------+-----+--------+
         Total |   4939 |   4727 |    212 |      0 |   4074 |   7 |  705.6 |
       Dungeon |   4892 |   4725 |    167 |      0 |   4074 |   6 |  815.3 |
        Temple |     46 |      2 |     44 |      0 |      0 |   1 |   46.0 |
               +--------+--------+--------+--------+--------+-----+--------+

Top non-repeatable levels by time:
     D:5: 1138 daAuts
     D:1: 969 daAuts
     D:4: 949 daAuts
     D:3: 905 daAuts
     D:2: 883 daAuts
     D:6: 47 daAuts
  Temple: 46 daAuts
